Map: Battle on the Boardwalk LE

Players

SamuraiFunn - Winner!

  • Race: Protoss Protoss
  • Spawn Location: 11:00

A.I. 1 (Very Hard)

  • Race: Protoss Protoss
  • Spawn Location: 1:00

VOD

Have the link to the VOD?

Description

Time

  • Played on: Nov. 21, 2017, 10:37 p.m.
  • Length: 20:11
Show
View Real Time Build Order
Export as new Build Order

SamuraiFunn Protoss - Winner!

Build Orders:  

Get SALT Encoding   

  12  0:01  Probe  
  13  0:13  Probe  
  14  0:20  Pylon  
  14  0:25  Probe (Chrono Boost)  
  15  0:42  Probe (Chrono Boost)  
  16  0:44  Gateway  
  16  0:47  Probe  
  17  1:08  Probe  
  18  1:14  Assimilator  
  18  1:20  Probe  
  19  1:29  Gateway  
  19  1:35  Cybernetics Core  
  19  1:41  Probe  
  19  1:43  Pylon  
  20  1:53  Probe  
  21  1:59  Nexus  
  21  2:05  Probe  
  22  2:15  Assimilator  
  22  2:25  Probe  
  23  2:35  Adept  
  25  2:43  Warp Gate (Chrono Boost)  
  25  2:48  Probe  
  26  3:00  Probe  
  26  3:03  Zealot  
  28  3:21  Adept  
  28  3:22  Shield Battery  
  30  3:27  Probe  
  30  3:30  Adept  
  33  3:45  Probe x2  
  33  3:48  Adept  
  37  3:52  Pylon  
  37  3:55  Pylon  
  37  3:57  Assimilator  
  37  4:01  Assimilator  
  37  4:08  Probe x2  
  39  4:14  Robotics Facility  
  39  4:15  Robotics Facility  
  39  4:29  Twilight Council  
  39  4:32  Probe x2  
  41  4:48  Gateway  
  41  4:52  Pylon  
  41  4:56  Probe x2  
  43  5:04  Zealot x2  
  47  5:21  Resonating Glaives (Chrono Boost)  
  47  5:28  Robotics Bay  
  47  5:31  Probe  
  47  5:32  Probe  
  49  5:40  Zealot x2  
  53  5:58  Immortal  
  53  5:59  Immortal  
  61  6:04  Probe x2  
  63  6:22  Probe x2  
  63  6:24  Zealot  
  63  6:25  Zealot  
  69  6:33  Pylon  
  69  6:34  Pylon  
  69  6:36  Pylon  
  69  6:51  Charge, Colossus  
  69  6:52  Probe x2, Colossus  
  83  6:58  Extended Thermal Lance (Chrono Boost)  
  83  7:03  Zealot  
  83  7:04  Zealot x2  
  89  7:18  Gateway  
  89  7:20  Forge  
  89  7:22  Forge  
  89  7:24  Probe x2  
  91  7:37  Nexus  
  91  7:43  Pylon  
  91  7:46  Pylon  
  91  7:49  Pylon, Zealot  
  93  8:08  Protoss Ground Weapons Level 1 (Chrono Boost)  
  93  8:19  Protoss Ground Armor Level 1 (Chrono Boost)  
  93  8:22  Pylon  
  93  8:23  Pylon  
  93  8:28  Probe x2  
  93  8:30  Pylon  
  91  8:47  Colossus x2  
  91  8:50  Zealot x3  
  93  9:32  Probe x3  
  96  9:40  Assimilator  
  96  9:44  Assimilator  
  96  9:45  Probe  
  96  9:46  Probe x2  
  99  10:03  Protoss Ground Weapons Level 2 (Chrono Boost), Protoss Shields Level 1 (Chrono Boost)  
  99  10:12  Zealot x2  
  99  10:13  Gateway, Zealot  
  105  10:14  Colossus x2  
  105  10:15  Gateway  
  105  10:17  Gateway  
  117  10:32  Zealot  
  117  10:33  Zealot x3  
  125  10:58  Nexus  
  125  11:00  Assimilator  
  125  11:05  Assimilator  
  125  11:07  Pylon  
  125  11:09  Pylon, Stalker x4  
  133  11:13  Pylon  
  133  11:22  Colossus x2  
  145  11:47  Protoss Ground Armor Level 2  
  133  12:16  Warp Prism x2  
  111  12:46  Stalker  
  111  12:47  Stalker x6  
  123  12:51  Colossus x2  
  123  12:52  Blink (Chrono Boost)  
  133  13:40  Stalker x2  
  137  13:45  Stalker x2, Colossus x2  
  137  13:46  Stalker x2  
  157  13:52  Stalker  
  159  14:38  Disruptor  
  159  14:39  Robotics Facility x2, Disruptor  
  159  14:41  Robotics Facility  
  159  14:43  Robotics Facility  
  165  15:35  Nexus  
  163  15:37  Pylon  
  163  15:39  Pylon  
  161  15:42  Pylon  
  161  15:44  Stalker  
  161  15:45  Stalker  
  161  15:47  Assimilator, Stalker x3  
  161  15:49  Stalker x2, Assimilator  
  175  16:29  Colossus x2  
  185  16:57  Stalker x2  
  185  16:58  Stalker x4  
  197  17:17  Observer  
  197  17:18  Observer  
Show
View Real Time Build Order
Export as new Build Order

A.I. 1 (Very Hard) Protoss 

Build Orders: Zealot Archon 

Get SALT Encoding   

  12  0:00  Probe  
  13  0:13  Probe  
  14  0:19  Pylon  
  14  0:25  Probe  
  15  0:37  Probe  
  15  0:39  Gateway  
  16  0:48  Assimilator  
  16  0:49  Probe  
  17  1:01  Probe  
  17  1:02  Pylon  
  18  1:13  Probe  
  19  1:25  Probe  
  20  1:27  Zealot  
  20  1:29  Cybernetics Core  
  22  1:37  Probe  
  23  1:41  Gateway  
  23  1:49  Probe  
  23  1:54  Pylon  
  24  2:00  Zealot  
  26  2:01  Probe  
  26  2:08  Warp Gate  
  27  2:14  Probe  
  28  2:26  Probe  
  28  2:27  Adept  
  28  2:28  Adept  
  33  2:35  Gateway  
  33  2:44  Gateway  
  33  2:55  Adept x2  
  37  3:00  Pylon  
  37  3:01  Probe  
  38  3:22  Adept x3  
  44  3:31  Adept  
  46  3:34  Pylon  
  46  3:40  Twilight Council  
  46  4:01  Pylon  
  46  4:32  Assimilator  
  46  4:39  Zealot  
  46  4:41  Templar Archives  
  48  4:47  Nexus  
  48  5:20  High Templar  
  50  5:43  High Templar  
  50  5:48  Archon  
  52  5:57  Forge  
  52  5:58  Probe  
  52  5:59  Probe  
  54  6:08  Assimilator  
  54  6:11  Probe, High Templar, Assimilator  
  55  6:12  Probe  
  58  6:23  Probe  
  58  6:24  Probe  
  60  6:35  Probe  
  60  6:36  Probe  
  60  6:37  Pylon  
  60  6:38  High Templar  
  64  6:40  Pylon  
  64  6:42  Stalker  
  66  6:47  Probe, Stalker  
  66  6:48  Probe  
  66  6:52  Stalker  
  72  6:56  Archon  
  72  6:57  Forge  
  72  6:59  Probe  
  72  7:00  Probe  
  74  7:06  Stalker  
  76  7:10  High Templar  
  76  7:11  Probe  
  76  7:12  Probe  
  80  7:23  Probe  
  80  7:24  Probe  
  80  7:25  High Templar  
  80  7:27  Pylon  
  84  7:34  Sentry  
  84  7:36  Photon Cannon, Probe x2, Archon  
  88  7:48  High Templar, Pylon, Probe  
  88  7:49  Probe  
  92  7:59  Photon Cannon  
  92  8:01  Probe, High Templar  
  92  8:02  Probe  
  92  8:04  Photon Cannon  
  96  8:13  Robotics Facility  
  96  8:22  Stalker  
  96  8:26  Pylon  
  98  8:27  Stalker  
  98  8:32  Stalker  
  102  8:36  Zealot  
  92  8:41  Nexus  
  92  8:45  Zealot  
  74  8:50  Zealot  
  74  8:55  Adept  
  64  8:56  High Templar  
  64  8:59  Observer  
  67  9:05  Zealot  
  69  9:10  Zealot  
  69  9:11  Archon  
  69  9:15  High Templar  
  73  9:19  Photon Cannon  
  73  9:25  Zealot  
  73  9:27  Warp Prism  
  73  9:29  High Templar  
  79  9:40  Adept  
  79  9:42  Gateway, Archon  
  81  9:46  Sentry  
  81  9:47  High Templar  
  81  9:51  Photon Cannon  
  85  9:54  Probe x2  
  85  9:55  Probe  
  85  9:59  Assimilator  
  88  10:01  Stalker  
  88  10:03  Immortal  
  88  10:06  Probe  
  95  10:07  Probe  
  95  10:08  Probe  
  95  10:10  High Templar  
  95  10:11  Pylon  
  99  10:14  Stalker, Assimilator  
  101  10:22  Probe x3, Archon, Stalker  
  106  10:31  High Templar  
  106  10:34  Probe x3  
  111  10:42  High Templar, Warp Prism  
  115  10:44  Stalker  
  115  10:46  Probe, Archon  
  115  10:48  Photon Cannon, Probe x2  
  115  10:49  Pylon  
  120  10:54  High Templar  
  122  10:58  Probe  
  122  11:00  Probe  
  122  11:02  Probe  
  122  11:03  High Templar  
  127  11:07  Archon  
  127  11:10  Photon Cannon, Probe  
  128  11:11  Photon Cannon  
  128  11:12  Probe  
  128  11:13  High Templar  
  128  11:14  Probe  
  132  11:19  Pylon  
  132  11:23  High Templar  
  134  11:27  Archon  
  134  11:32  High Templar  
  136  11:39  Gateway  
  136  11:41  High Templar  
  136  11:44  Photon Cannon, Nexus  
  136  11:45  Archon  
  136  11:47  Sentry  
  140  11:49  Pylon  
  140  11:50  Zealot  
  142  11:55  Zealot  
  142  11:57  Photon Cannon  
  144  12:01  Photon Cannon  
  144  12:04  High Templar  
  144  12:09  Zealot  
  144  12:10  Zealot  
  144  12:12  Pylon, Immortal  
  144  12:13  High Templar  
  142  12:15  Zealot  
  103  12:29  Zealot  
  83  12:30  Stalker  
  83  12:33  High Templar  
  83  12:35  High Templar  
  83  12:36  Zealot  
  77  12:45  Adept  
  77  12:49  Adept  
  77  12:53  High Templar  
  77  12:56  High Templar  
  77  12:57  Probe x2  
  77  13:05  Assimilator  
  74  13:06  Probe, Zealot x2  
  74  13:08  Pylon  
  74  13:09  High Templar, Assimilator  
  74  13:10  Probe x3  
  75  13:18  Probe  
  66  13:22  Probe x2  
  66  13:25  High Templar  
  66  13:26  Zealot x2  
  67  13:28  Adept  
  67  13:30  Probe  
  65  13:34  Probe x2  
  58  13:42  Probe, Zealot  
  58  13:46  Probe x2  
  58  13:47  Adept  
  64  13:48  Zealot  
  64  13:54  Probe  
  65  13:57  Pylon, Stalker  
  65  13:58  Probe  
  65  14:00  Probe  
  66  14:06  Probe  
  66  14:07  Zealot  
  66  14:08  Adept  
  68  14:10  Robotics Facility  
  68  14:11  Probe  
  68  14:13  Probe  
  56  14:17  Nexus  
  56  14:20  Adept  
  56  14:21  Assimilator  
  56  14:23  Probe  
  40  14:25  Probe  
  40  14:27  Adept  
  40  14:29  Zealot  
  38  14:35  Probe  
  38  14:37  Pylon  
  37  14:40  High Templar  
  37  14:47  Zealot  
  37  14:49  Stalker  
  40  14:55  Probe  
  40  14:57  Probe, Nexus  
  41  15:03  High Templar  
  41  15:07  Probe, Stalker  
  45  15:11  Stalker  
  45  15:12  Archon, Zealot  
  46  15:30  High Templar  
  46  15:33  High Templar  
  46  15:35  Adept  
  31  15:47  High Templar, Archon  
  33  15:55  High Templar  
  35  16:16  Nexus  
  35  16:17  Archon  
  27  16:31  High Templar  
  17  16:41  Probe  
  12  16:58  Probe  
  13  17:39  High Templar  
  15  18:35  High Templar  
  17  18:42  Archon  
Tags
 
Add a new tag
Caveats
  • Supply blocks, unpowered buildings, or Contaminate may cause inaccurate times.
  • Supply counts are checked every 10 seconds.